TOP OF THE 1ST |
Grand Rapids HS Summit batting - Pitching for Billings West HS Golden Bears : RHP Tim Hunter
|
Pitching: RHP Tim Hunter
|
|
Batting: RHB Bob Barnes
|
0-0: Ball 1-0: Swinging Strike 1-1: Ball 2-1: Foul Ball, location: 2F 2-2: Ball 3-2: Base on Balls
|
Batting: LHB Chris Henry
|
0-0: Ball 1-0: Ball 2-0: SINGLE (Line Drive, 9S) Bob Barnes to second
|
Batting: RHB Jonathan Holden
|
0-0: Ball 1-0: Ball 2-0: Foul Ball, location: 2F 2-1: Called Strike 2-2: Ball 3-2: Base on Balls Bob Barnes to third Chris Henry to second
|
Batting: LHB Carlos Gutiérrez
|
0-0: Called Strike 0-1: Foul Ball, location: 2F 0-2: Strikes out swinging
|
Batting: LHB Harry Adams
|
0-0: Called Strike 0-1: SINGLE (Groundball, 13S) (infield hit) Bob Barnes scores Chris Henry to third Jonathan Holden to second
|
Batting: LHB Daniel Orozco
|
0-0: Fly out, F8 (Flyball, 8RD) Runner from 3rd tags up, SCORES, no throw
|
Batting: RHB Júlio Ramos
|
0-0: Ball 1-0: Called Strike 1-1: Called Strike 1-2: Ball 2-2: Ground out 6-3 (Groundball, 6)
|
Top of the 1st over - 2 run(s), 2 hit(s), 0 error(s), 2 left on base; Grand Rapids HS 2 - Billings West HS 0 |
BOTTOM OF THE 1ST |
Billings West HS Golden Bears batting - Pitching for Grand Rapids HS Summit : RHP Preston Holman
|
Pitching: RHP Preston Holman
|
|
Batting: RHB Rob Johnston
|
0-0: Called Strike 0-1: Foul Ball, location: 2F 0-2: Ground out 1-3 (Groundball, 15)
|
Batting: SHB Juan Soriano
|
0-0: Ball 1-0: Ground out 4-3 (Groundball, 4)
|
Batting: LHB Duane Lemay
|
0-0: Foul Ball, location: 2F 0-1: Swinging Strike 0-2: Strikes out swinging
|
Bottom of the 1st over - 0 run(s), 0 hit(s), 0 error(s), 0 left on base; Grand Rapids HS 2 - Billings West HS 0 |
TOP OF THE 2ND |
Grand Rapids HS Summit batting - Pitching for Billings West HS Golden Bears : RHP Tim Hunter
|
Batting: RHB Leroy Bates
|
0-0: Foul Ball, location: 2F 0-1: Called Strike 0-2: Strikes out swinging
|
Batting: RHB Gabriel Bernal
|
0-0: Called Strike 0-1: DOUBLE (Flyball, 8RM)
|
Batting: RHB Bob Barnes
|
0-0: Called Strike 0-1: Ball 1-1: Ball 2-1: Ball 3-1: Base on Balls
|
Batting: LHB Chris Henry
|
0-0: Called Strike 0-1: Foul Ball, location: 2F 0-2: Ball 1-2: Foul Ball, location: 2F 1-2: SINGLE (Flyball, 7S) Gabriel Bernal to third Bob Barnes to second
|
Batting: RHB Jonathan Holden
|
0-0: Ball 1-0: Swinging Strike 1-1: Called Strike 1-2: Ball 2-2: Foul Ball, location: 2F 2-2: Ball 3-2: SINGLE (Line Drive, 4M) Gabriel Bernal scores Bob Barnes to third Chris Henry to second
|
Batting: LHB Carlos Gutiérrez
|
0-0: Foul Ball, location: 2F 0-1: Ball 1-1: Ball 2-1: Ball 3-1: Foul Ball, location: 2F 3-2: SINGLE (Line Drive, 4MD) Bob Barnes scores Chris Henry to third Jonathan Holden to second
|
Batting: LHB Harry Adams
|
0-0: Fly out, F6 (Popup, 6D)
|
Batting: LHB Daniel Orozco
|
0-0: Called Strike 0-1: Foul Ball, location: 2F 0-2: Ball 1-2: Ball 2-2: Foul Ball, location: 2F 2-2: Ball 3-2: Foul Ball, location: 2F 3-2: Ground out 4-3 (Groundball, 4M)
|
Top of the 2nd over - 2 run(s), 4 hit(s), 0 error(s), 3 left on base; Grand Rapids HS 4 - Billings West HS 0 |
BOTTOM OF THE 2ND |
Billings West HS Golden Bears batting - Pitching for Grand Rapids HS Summit : RHP Preston Holman
|
Batting: RHB Spike Kennedy
|
0-0: Ball 1-0: Called Strike 1-1: Ball 2-1: SINGLE (Line Drive, 9S)
|
Batting: RHB Bryce Murray
|
0-0: Fly out, F9 (Flyball, 9LSF)
|
Batting: RHB Lawrence Pérez
|
0-0: Ball 1-0: Called Strike 1-1: SINGLE (Line Drive, 56D) Spike Kennedy to second
|
Batting: RHB Ethan Ramos
|
0-0: Swinging Strike 0-1: Ball 1-1: Ball 2-1: Ball 3-1: Base on Balls Spike Kennedy to third Lawrence Pérez to second
|
Batting: RHB Eric Dodd
|
0-0: Called Strike 0-1: Ball 1-1: Ball 2-1: Swinging Strike 2-2: Ball 3-2: Base on Balls Spike Kennedy scores Lawrence Pérez to third Ethan Ramos to second
|
Batting: LHB David Trent
|
0-0: Ball 1-0: Foul Ball, location: 2F 1-1: Ball 2-1: Ball 3-1: Base on Balls Lawrence Pérez scores Ethan Ramos to third Eric Dodd to second
|
Batting: RHB Rob Johnston
|
0-0: Called Strike 0-1: Swinging Strike 0-2: Ball 1-2: Foul Ball, location: 2F 1-2: Ball 2-2: Foul Ball, location: 2F 2-2: Foul Ball, location: 2F 2-2: Ball 3-2: Fly out, F9 (Flyball, 89S)
|
Batting: SHB Juan Soriano
|
0-0: Ball 1-0: Called Strike 1-1: Swinging Strike 1-2: DOUBLE (Groundball, 5L) Ethan Ramos scores Eric Dodd scores David Trent to third
|
Batting: LHB Duane Lemay
|
0-0: Ball 1-0: Ball 2-0: Called Strike 2-1: Called Strike 2-2: Fly out, F8 (Flyball, 8LS)
|
Bottom of the 2nd over - 4 run(s), 3 hit(s), 0 error(s), 2 left on base; Grand Rapids HS 4 - Billings West HS 4 |
TOP OF THE 3RD |
Grand Rapids HS Summit batting - Pitching for Billings West HS Golden Bears : RHP Tim Hunter
|
Batting: RHB Júlio Ramos
|
0-0: Ball 1-0: Called Strike 1-1: Called Strike 1-2: Strikes out swinging
|
Batting: RHB Leroy Bates
|
0-0: Foul Ball, location: 2F 0-1: Ball 1-1: Foul Ball, location: 2F 1-2: Foul Ball, location: 2F 1-2: SINGLE (Flyball, 8LS)
|
Batting: RHB Gabriel Bernal
|
0-0: Foul Ball, location: 2F 0-1: Ball 1-1: Ball 2-1: Ball 3-1: Base on Balls Leroy Bates to second
|
Batting: RHB Bob Barnes
|
0-0: Swinging Strike 0-1: Ball 1-1: Fly out, F5 (Popup, 5DF)
|
Pitching: RHP Will Lewis
|
|
Batting: LHB Chris Henry
|
0-0: Swinging Strike 0-1: Ball 1-1: Called Strike 1-2: Ball 2-2: Ball 3-2: Base on Balls Leroy Bates to third Gabriel Bernal to second
|
Batting: RHB Jonathan Holden
|
0-0: Ball 1-0: Swinging Strike 1-1: Swinging Strike 1-2: Strikes out swinging
|
Top of the 3rd over - 0 run(s), 1 hit(s), 0 error(s), 3 left on base; Grand Rapids HS 4 - Billings West HS 4 |
BOTTOM OF THE 3RD |
Billings West HS Golden Bears batting - Pitching for Grand Rapids HS Summit : RHP Preston Holman
|
Batting: RHB Spike Kennedy
|
0-0: Foul Ball, location: 2F 0-1: Foul Ball, location: 2F 0-2: Ball 1-2: Ball 2-2: Ball 3-2: Foul Ball, location: 2F 3-2: SINGLE (Line Drive, 4D)
|
Batting: RHB Bryce Murray
|
0-0: SINGLE (Groundball, 6MD) Spike Kennedy to second Runner from 2nd tries for 3rd, SAFE, no throw or cutoff
|
Batting: RHB Lawrence Pérez
|
0-0: Swinging Strike 0-1: Ball 1-1: Ball 2-1: Ball 3-1: Called Strike 3-2: Base on Balls Bryce Murray to second
|
Batting: RHB Ethan Ramos
|
0-0: Ball 1-0: Called Strike 1-1: Ball 2-1: Called Strike 2-2: Ball 3-2: SINGLE (Groundball, 6MD) Spike Kennedy scores Bryce Murray to third Lawrence Pérez to second Runner from 3rd tries for Home, SAFE, throw made home Lawrence Pérez to third Ethan Ramos to second
|
Batting: RHB Eric Dodd
|
0-0: Ball 1-0: Fly out, F9 (Line Drive, 89S)
|
Batting: LHB David Trent
|
0-0: Ball 1-0: Ball 2-0: Ball 3-0: Called Strike 3-1: Foul Ball, location: 2F 3-2: Foul Ball, location: 2F 3-2: Base on Balls
|
Batting: RHB Rob Johnston
|
0-0: Ball 1-0: Ball 2-0: Ball 3-0: Called Strike 3-1: Foul Ball, location: 2F 3-2: Base on Balls Lawrence Pérez scores Ethan Ramos to third David Trent to second
|
Pitching: LHP Tom Simms
|
|
Batting: SHB Juan Soriano
|
0-0: Fly out, F8 (Flyball, 8LM) Runner from 3rd tags up, SCORES, no throw
|
Batting: LHB Duane Lemay
|
0-0: Ball 1-0: Called Strike 1-1: Ball 2-1: Ball 3-1: Ground out 4-3 (Groundball, 4)
|
Bottom of the 3rd over - 4 run(s), 3 hit(s), 0 error(s), 2 left on base; Grand Rapids HS 4 - Billings West HS 8 |
TOP OF THE 4TH |
Grand Rapids HS Summit batting - Pitching for Billings West HS Golden Bears : RHP Will Lewis
|
Batting: LHB Carlos Gutiérrez
|
0-0: Ball 1-0: Foul Ball, location: 2F 1-1: Ball 2-1: Reached on error, E6 (Groundball, 6M)
|
Batting: LHB Harry Adams
|
0-0: Swinging Strike 0-1: Ball 1-1: Ball 2-1: Ball 3-1: Foul Ball, location: 2F 3-2: SINGLE (Line Drive, 78S) Carlos Gutiérrez to second Carlos Gutiérrez to third
|
Batting: LHB Daniel Orozco
|
0-0: Ball 1-0: Called Strike 1-1: DOUBLE (Flyball, 89M) Carlos Gutiérrez scores Harry Adams to third
|
Batting: RHB Júlio Ramos
|
0-0: Ball 1-0: Ball 2-0: Called Strike 2-1: Fly out, F3 (Popup, 34S)
|
Batting: RHB Leroy Bates
|
0-0: Called Strike 0-1: Ball 1-1: Ball 2-1: DOUBLE (Flyball, 78XD) Harry Adams scores Daniel Orozco scores
|
Batting: RHB Gabriel Bernal
|
0-0: Ball Wild Pitch! Leroy Bates to third 1-0: Called Strike 1-1: SINGLE (Groundball, 25) (infield hit)
|
Batting: RHB Bob Barnes
|
0-0: Ball 1-0: Called Strike 1-1: Fly out, F9 (Flyball, 9LM) Runner from 3rd tags up, SCORES, throw made
|
Batting: LHB Chris Henry
|
0-0: Ball 1-0: Called Strike 1-1: Foul Ball, location: 2F Error on foul ball, E3 1-2: Ball 2-2: SINGLE (Groundball, 6MD) (infield hit) Gabriel Bernal to second
|
Batting: RHB Jonathan Holden
|
0-0: Ball 1-0: Fly out, F8 (Flyball, 8RM)
|
Top of the 4th over - 4 run(s), 5 hit(s), 2 error(s), 2 left on base; Grand Rapids HS 8 - Billings West HS 8 |
BOTTOM OF THE 4TH |
Billings West HS Golden Bears batting - Pitching for Grand Rapids HS Summit : LHP Tom Simms
|
Batting: RHB Spike Kennedy
|
0-0: Ball 1-0: Called Strike 1-1: SINGLE (Groundball, 6MD)
|
Batting: RHB Bryce Murray
|
0-0: Called Strike 0-1: Ball 1-1: Ball 2-1: Ball 3-1: Base on Balls Spike Kennedy to second
|
Batting: RHB Lawrence Pérez
|
0-0: Ball 1-0: Called Strike 1-1: Ball 2-1: Ball 3-1: Base on Balls Spike Kennedy to third Bryce Murray to second
|
Batting: RHB Ethan Ramos
|
0-0: Called Strike 0-1: Ball 1-1: Called Strike 1-2: Foul Ball, location: 2F 1-2: Ball 2-2: Strikes out swinging
|
Batting: RHB Eric Dodd
|
0-0: Ball 1-0: Ball 2-0: Ball 3-0: Foul Ball, location: 2F 3-1: Foul Ball, location: 2F 3-2: Base on Balls Spike Kennedy scores Bryce Murray to third Lawrence Pérez to second
|
Batting: LHB David Trent
|
0-0: SINGLE (Flyball, 8LS) Bryce Murray scores Lawrence Pérez to third Eric Dodd to second Runner from 3rd tries for Home, throw and OUT!
|
Batting: RHB Rob Johnston
|
0-0: Ball 1-0: Ball 2-0: Called Strike 2-1: Swinging Strike 2-2: Fly out, F9 (Flyball, 9M)
|
Bottom of the 4th over - 2 run(s), 2 hit(s), 0 error(s), 2 left on base; Grand Rapids HS 8 - Billings West HS 10 |
TOP OF THE 5TH |
Grand Rapids HS Summit batting - Pitching for Billings West HS Golden Bears : RHP Will Lewis
|
Batting: LHB Carlos Gutiérrez
|
0-0: Ball 1-0: Called Strike 1-1: SINGLE (Groundball, 25) (infield hit)
|
Batting: LHB Harry Adams
|
0-0: Ball 1-0: Ball 2-0: Ball 3-0: Base on Balls Carlos Gutiérrez to second
|
Pitching: RHP Ellis Coleman
|
|
Batting: LHB Daniel Orozco
|
0-0: Swinging Strike 0-1: Ball 1-1: Ball 2-1: Called Strike 2-2: Foul Ball, location: 2F 2-2: Foul Ball, location: 2F 2-2: Grounds into double play, U4-3 (Groundball, 4) Carlos Gutiérrez to third
|
Batting: RHB Júlio Ramos
|
0-0: Called Strike 0-1: Ball 1-1: Ball Single, Error in OF, E8, batter to second base Carlos Gutiérrez scores
|
Batting: RHB Leroy Bates
|
0-0: Ball 1-0: Reached on error, E4 (Groundball, 4) Júlio Ramos to third
|
Batting: RHB Gabriel Bernal
|
0-0: Ball 1-0: Swinging Strike 1-1: Ball 2-1: Foul Ball, location: 2F 2-2: Foul Ball, location: 2F 2-2: Strikes out swinging
|
Top of the 5th over - 1 run(s), 2 hit(s), 2 error(s), 2 left on base; Grand Rapids HS 9 - Billings West HS 10 |
BOTTOM OF THE 5TH |
Billings West HS Golden Bears batting - Pitching for Grand Rapids HS Summit : LHP Tom Simms
|
Batting: SHB Juan Soriano
|
0-0: Called Strike 0-1: Ball 1-1: Swinging Strike 1-2: Strikes out swinging
|
Batting: LHB Duane Lemay
|
0-0: Called Strike 0-1: Foul Ball, location: 2F 0-2: Foul Ball, location: 2F 0-2: Ball 1-2: Foul Ball, location: 2F 1-2: Ball 2-2: Foul Ball, location: 2F 2-2: Fly out, F9 (Flyball, 9M)
|
Batting: RHB Spike Kennedy
|
0-0: Ball 1-0: Foul Ball, location: 2F 1-1: Ball 2-1: Ball 3-1: Foul Ball, location: 2F 3-2: Base on Balls
|
Pitching: LHP José Padilla
|
|
Batting: RHB Bryce Murray
|
0-0: Ball 1-0: Called Strike 1-1: Ball 2-1: Ball 3-1: Base on Balls Spike Kennedy to second
|
Batting: RHB Lawrence Pérez
|
0-0: Ball 1-0: Ball 2-0: Ball 3-0: Foul Ball, location: 2F 3-1: Foul Ball, location: 2F 3-2: Strikes out swinging
|
Bottom of the 5th over - 0 run(s), 0 hit(s), 0 error(s), 2 left on base; Grand Rapids HS 9 - Billings West HS 10 |
TOP OF THE 6TH |
Grand Rapids HS Summit batting - Pitching for Billings West HS Golden Bears : RHP Ellis Coleman
|
Batting: RHB Bob Barnes
|
0-0: Ball 1-0: Ball 2-0: Foul Ball, location: 2F 2-1: Fly out, F9 (Flyball, 9M)
|
Batting: LHB Chris Henry
|
0-0: Ball 1-0: Ball 2-0: Fly out, F9 (Line Drive, 9M)
|
Batting: RHB Jonathan Holden
|
0-0: Called Strike 0-1: Foul Ball, location: 2F 0-2: SINGLE (Line Drive, 89M)
|
Batting: LHB Carlos Gutiérrez
|
0-0: SINGLE (Flyball, 7S) Jonathan Holden to second
|
Batting: LHB Harry Adams
|
0-0: Called Strike 0-1: Foul Ball, location: 2F 0-2: Ball 1-2: Ball 2-2: Foul Ball, location: 2F 2-2: Foul Ball, location: 2F 2-2: Ball 3-2: Foul Ball, location: 2F 3-2: Ground out 6-3 (Groundball, 6M)
|
Top of the 6th over - 0 run(s), 2 hit(s), 0 error(s), 2 left on base; Grand Rapids HS 9 - Billings West HS 10 |
BOTTOM OF THE 6TH |
Billings West HS Golden Bears batting - Pitching for Grand Rapids HS Summit : LHP José Padilla
|
Batting: RHB Ethan Ramos
|
0-0: Ball 1-0: Ground out 3-1 (Groundball, 34S)
|
Batting: RHB Eric Dodd
|
0-0: Bunt for hit - play at first, batter OUT! 1-3
|
Batting: LHB David Trent
|
0-0: Ball 1-0: Swinging Strike 1-1: Foul Ball, location: 2F 1-2: Strikes out swinging
|
Bottom of the 6th over - 0 run(s), 0 hit(s), 0 error(s), 0 left on base; Grand Rapids HS 9 - Billings West HS 10 |
TOP OF THE 7TH |
Grand Rapids HS Summit batting - Pitching for Billings West HS Golden Bears : RHP Ellis Coleman
|
Pitching: RHP Bob Roy
|
|
Batting: LHB Daniel Orozco
|
0-0: Swinging Strike 0-1: Foul Ball, location: 2F 0-2: Foul Ball, location: 2F 0-2: Ball 1-2: Foul Ball, location: 2F 1-2: SINGLE (Groundball, 3D)
|
Batting: RHB Júlio Ramos
|
0-0: Called Strike Daniel Orozco steals 2nd base 0-1: Ball 1-1: Ball 2-1: DOUBLE (Line Drive, 5D) Daniel Orozco scores
|
Batting: RHB Leroy Bates
|
0-0: Called Strike 0-1: Foul Ball, location: 2F 0-2: Ball 1-2: Ball 2-2: Ball 3-2: Base on Balls
|
Pinch Runner at 2nd Gene Swanson:
|
|
Batting: RHB Gabriel Bernal
|
0-0: Ball 1-0: Ground out 1-3 (Groundball, 3S) Gene Swanson to third Leroy Bates to second
|
Batting: RHB Bob Barnes
|
0-0: Foul Ball, location: 2F 0-1: Ball 1-1: Ball 2-1: Foul Ball, location: 2F 2-2: Fly out, F8 (Line Drive, 8LM) Runner from 3rd tags up, SCORES, no throw
|
Batting: LHB Chris Henry
|
0-0: Ball 1-0: Ball 2-0: Foul Ball, location: 2F 2-1: Ball 3-1: Base on Balls
|
Batting: RHB Jonathan Holden
|
0-0: Called Strike 0-1: SINGLE (Groundball, 6MD) Leroy Bates to third Chris Henry to second Runner from 3rd tries for Home, SAFE, throw made at trailing runner, OUT at third!
|
Top of the 7th over - 3 run(s), 3 hit(s), 0 error(s), 1 left on base; Grand Rapids HS 12 - Billings West HS 10 |
BOTTOM OF THE 7TH |
Billings West HS Golden Bears batting - Pitching for Grand Rapids HS Summit : LHP José Padilla
|
Now at 2B: Gene Swanson
|
|
Batting: RHB Rob Johnston
|
0-0: Ball 1-0: Ball 2-0: Fly out, F8 (Flyball, 8LM)
|
Batting: SHB Juan Soriano
|
0-0: Ball 1-0: Swinging Strike 1-1: Ball 2-1: Ball 3-1: Swinging Strike 3-2: Foul Ball, location: 2F 3-2: Base on Balls
|
Batting: LHB Duane Lemay
|
0-0: Called Strike 0-1: Ball 1-1: Ball 2-1: Ball 3-1: Base on Balls Juan Soriano to second
|
Batting: RHB Spike Kennedy
|
0-0: Foul Ball, location: 2F 0-1: Foul Ball, location: 2F 0-2: Strikes out swinging
|
Batting: RHB Bryce Murray
|
0-0: Swinging Strike 0-1: Foul Ball, location: 2F 0-2: Foul Ball, location: 2F 0-2: Ball 1-2: Foul Ball, location: 2F 1-2: Strikes out swinging
|
Bottom of the 7th over - 0 run(s), 0 hit(s), 0 error(s), 2 left on base; Grand Rapids HS 12 - Billings West HS 10 |
TOP OF THE 8TH |
Grand Rapids HS Summit batting - Pitching for Billings West HS Golden Bears : RHP Bob Roy
|
Batting: LHB Carlos Gutiérrez
|
0-0: Ball 1-0: Called Strike 1-1: Ball 2-1: Ball 3-1: Base on Balls
|
Batting: LHB Harry Adams
|
0-0: Swinging Strike 0-1: Hit by Pitch Carlos Gutiérrez to second
|
Batting: LHB Daniel Orozco
|
0-0: Fielders Choice at 2nd, 1-6 (Groundball, 13) Carlos Gutiérrez to third
|
Batting: RHB Gene Swanson
|
0-0: Swinging Strike 0-1: Ground out 5-3 (Groundball, 5S) Carlos Gutiérrez scores Daniel Orozco to second
|
Pitching: RHP Shawn Gilliam
|
|
Batting: RHB Leroy Bates
|
0-0: Ball 1-0: Ball 2-0: Ball 3-0: Base on Balls
|
Batting: RHB Gabriel Bernal
|
0-0: Ball 1-0: Ball 2-0: Called Strike 2-1: Called Strike 2-2: Strikes out swinging
|
Top of the 8th over - 1 run(s), 0 hit(s), 0 error(s), 2 left on base; Grand Rapids HS 13 - Billings West HS 10 |
BOTTOM OF THE 8TH |
Billings West HS Golden Bears batting - Pitching for Grand Rapids HS Summit : LHP José Padilla
|
Pitching: LHP Michel Sharkey
|
|
Now at C: Rob Walker
|
|
Batting: RHB Lawrence Pérez
|
0-0: Swinging Strike 0-1: Ball 1-1: Swinging Strike 1-2: Ball 2-2: Ground out 5-3 (Groundball, 6)
|
Batting: RHB Ethan Ramos
|
0-0: SINGLE (Line Drive, 89S)
|
Pitching: RHP Philip Walker
|
|
Batting: RHB Eric Dodd
|
0-0: Ball 1-0: Ball 2-0: Ball 3-0: Base on Balls Ethan Ramos to second
|
Pitching: LHP Enrico Sánchez
|
|
Batting: LHB David Trent
|
0-0: Fielders Choice at 2nd, 3-6 (Groundball, 3) Ethan Ramos to third
|
Batting: RHB Rob Johnston
|
0-0: Called Strike 0-1: Foul Ball, location: 2F 0-2: Strikes out swinging
|
Bottom of the 8th over - 0 run(s), 1 hit(s), 0 error(s), 2 left on base; Grand Rapids HS 13 - Billings West HS 10 |
TOP OF THE 9TH |
Grand Rapids HS Summit batting - Pitching for Billings West HS Golden Bears : RHP Shawn Gilliam
|
Batting: RHB Bob Barnes
|
0-0: Ball 1-0: Swinging Strike 1-1: Called Strike 1-2: Ball 2-2: Ball 3-2: Foul Ball, location: 2F 3-2: Foul Ball, location: 2F 3-2: Base on Balls
|
Batting: LHB Chris Henry
|
0-0: Ball 1-0: Ball 2-0: Ball 3-0: Called Strike 3-1: Base on Balls Bob Barnes to second
|
Batting: RHB Jonathan Holden
|
0-0: Ball 1-0: Ball 2-0: Ball 3-0: Base on Balls Bob Barnes to third Chris Henry to second
|
Batting: LHB Carlos Gutiérrez
|
0-0: Ball 1-0: Called Strike 1-1: Fly out, F8 (Flyball, 89M) Runner from 3rd tags up, SCORES, no throw
|
Batting: LHB Harry Adams
|
0-0: Foul Ball, location: 2F 0-1: Foul Ball, location: 2F 0-2: Ball 1-2: Foul Ball, location: 2F 1-2: Ball 2-2: Strikes out swinging
|
Batting: LHB Daniel Orozco
|
0-0: Ball 1-0: Ball 2-0: Ball 3-0: Base on Balls Chris Henry to third Jonathan Holden to second
|
Batting: RHB Gene Swanson
|
0-0: Called Strike 0-1: Called Strike 0-2: Ball 1-2: Foul Ball, location: 2F 1-2: Strikes out swinging
|
Top of the 9th over - 1 run(s), 0 hit(s), 0 error(s), 3 left on base; Grand Rapids HS 14 - Billings West HS 10 |
BOTTOM OF THE 9TH |
Billings West HS Golden Bears batting - Pitching for Grand Rapids HS Summit : LHP Enrico Sánchez
|
Batting: SHB Juan Soriano
|
0-0: Ball 1-0: Ball 2-0: Bunt for hit - play at first, batter OUT! 1-3
|
Batting: LHB Duane Lemay
|
0-0: Ball 1-0: Swinging Strike 1-1: Swinging Strike 1-2: Strikes out swinging
|
Batting: RHB Spike Kennedy
|
0-0: Ground out 4-3 (Groundball, 4M)
|
Bottom of the 9th over - 0 run(s), 0 hit(s), 0 error(s), 0 left on base; Grand Rapids HS 14 - Billings West HS 10 |
|